 Dungeon Sprint DCSS version 0.30-a0-1161-g0704695555 (webtiles) character file.

Game seed: 12330847238766781826

660 sircluck the Cleaver (level 7, -1/74 HPs)
             Began as a Hill Orc Berserker on Apr 27, 2023.
             Was an Elder of Trog.
             Slain by a two-headed ogre
             ... wielding a +0 giant club
              (3 damage)
             ... in the Dungeon (Sprint IX: "|||||||||||||||||||||||||||||").
             The game lasted 00:01:22 (279 turns).

sircluck the Cleaver (Hill Orc Berserker)            Turns: 279, Time: 00:01:23

Health: -1/74      AC: 11    Str: 25    XL:     7   Next: 56%
Magic:  7/7        EV: 12    Int:  7    God:    Trog [****..]
Gold:   0          SH:  0    Dex: 10    Spells: 6/6 levels left

rFire   . . .        k - +3 war axe (freeze)
rCold   . . .        (no shield)
rNeg    . . .        m - +2 ring mail
rPois   .            (no helmet)
rElec   .            (no cloak)
rCorr   .            l - +0 pair of gloves
SInv    .            (no boots)
Will    .....        (no amulet)
Stlth   +            n - +3 ring of strength
HPRegen 0.32/turn    o - +2 ring of protection
MPRegen 0.10/turn

%: no teleportation
@: on berserk cooldown, slowed, very slow
A: no striking features
a: Renounce Religion, Berserk, Trog's Hand, Brothers in Arms


You were in the Dungeon.
You worshipped Trog.
Trog was greatly pleased with you.
You visited 1 branch

Inventory:

Hand Weapons
 a - a +0 hand axe
 k - a +3 war axe of freezing (weapon)
Armour
 b - a +0 animal skin
 l - a +0 pair of gloves (worn)
 m - a +2 ring mail (worn)
Jewellery
 n - a +3 ring of strength (left hand)
 o - a +2 ring of protection (right hand)
Wands
 j - a wand of light (10)
Scrolls
 h - 2 scrolls of blinking
Potions
 c - 5 potions of curing
 d - 3 potions of heal wounds
 e - a potion of haste
 f - 4 potions of magic
 g - a potion of berserk rage
 i - a potion of invisibility


   Skills:
 + Level 11.5 Fighting
 + Level 14.6 Axes
 + Level 6.1 Armour
 + Level 3.8 Dodging
 + Level 1.2 Stealth


You had 6 spell levels left.
You didn't know any spells.
Your spell library was empty.

Dungeon Overview and Level Annotations

Branches:
Dungeon (1/1)

Altars:
Cheibriados
Dithmenos
Elyvilon
Fedhas
Gozag
Hepliaklqana
Kikubaaqudgha
Makhleb
Nemelex Xobeh
Okawaru
Qazlal
Ru
Sif Muna
Trog
Uskayaw
Vehumet
Wu Jian
Xom
Yredelemnul
Zin
The Shining One
Beogh
Jiyva
Lugonu


Message History

You slice the wraith!! You freeze the wraith.
You destroy the wraith!
Trog accepts your kill.
Your Axes skill increases to level 14!
Your Armour skill increases to level 6!
The two-headed ogre hits you with a +0 giant club. x2
Things that are here:
a +0 shortbow; a killer bee corpse You slice the two-headed ogre!!
You freeze the two-headed ogre.
The two-headed ogre is heavily wounded.
You are no longer berserk.
You are exhausted.
You feel yourself slow down.
You hit the two-headed ogre but do no damage.
The two-headed ogre is heavily wounded.
The two-headed ogre closely misses you. The two-headed ogre barely misses you.
You slash the two-headed ogre! You freeze the two-headed ogre.
The two-headed ogre is severely wounded.
The two-headed ogre hits you with a +0 giant club!!
The two-headed ogre hits you with a +0 giant club.
You barely miss the two-headed ogre.
The two-headed ogre is severely wounded.
The two-headed ogre misses you.
The two-headed ogre hits you but does no damage.
You hit the two-headed ogre but do no damage.
The two-headed ogre is severely wounded.
You slash the two-headed ogre! You freeze the two-headed ogre.
The two-headed ogre is almost dead.
The two-headed ogre hits you with a +0 giant club!!
* * * LOW HITPOINT WARNING * * *
The two-headed ogre hits you with a +0 giant club!
* * * LOW HITPOINT WARNING * * *
You hit the two-headed ogre. You freeze the two-headed ogre.
The two-headed ogre is almost dead.
The two-headed ogre hits you but does no damage.
The two-headed ogre barely misses you.
You barely miss the two-headed ogre.
The two-headed ogre is almost dead.
The two-headed ogre barely misses you.
The two-headed ogre hits you with a +0 giant club.
You die...

▓)▓
▓.▓
▓.▓
▓[▓
▓.▓
▓.▓
▓.▓
▓†▓
▓@▓
▓O▓
▓.▓
▓.▓
▓.▓
▓.▓
▓+▓


You could see a two-headed ogre.

Vanquished Creatures
  A wraith (D)
  2 yaks (D)
  An ogre (D)
  A centaur (D)
  A killer bee (D)
  3 adders (D)
  An orc (D)
  A ball python (D)
  An endoplasm (D)
  A goblin (D)
  A kobold (D)
  A quokka (D)
15 creatures vanquished.

Notes
Turn   | Place    | Note
-------+----------+-------------------------------------------
     0 | D        | sircluck the Hill Orc Berserker began the quest for the
                  | Orb.
     0 | D        | Reached XP level 1. HP: 19/19 MP: 1/1
    12 | D        | Reached ** piety under Trog
    14 | D        | Reached skill level 5 in Axes
    18 | D        | Reached XP level 2. HP: 12/28 MP: 2/2
    86 | D        | Noticed an ogre
    93 | D        | Reached skill level 5 in Fighting
    93 | D        | Reached *** piety under Trog
    94 | D        | Reached skill level 6 in Axes
    94 | D        | Reached XP level 3. HP: 36/36 MP: 3/3
   100 | D        | Killed an ogre
   101 | D        | Reached skill level 9 in Axes
   101 | D        | Reached XP level 4. HP: 45/48 MP: 4/4
   101 | D        | Reached XP level 5. HP: 50/53 MP: 5/5
   175 | D        | Found a roughly hewn altar of Beogh.
   175 | D        | Found a snail-covered altar of Cheibriados.
   175 | D        | Found a shadowy altar of Dithmenos.
   175 | D        | Found a white marble altar of Elyvilon.
   175 | D        | Found a blossoming altar of Fedhas.
   175 | D        | Found an opulent altar of Gozag.
   176 | D        | Found a hazy altar of Hepliaklqana.
   177 | D        | Found a viscous altar of Jiyva.
   178 | D        | Found an ancient bone altar of Kikubaaqudgha.
   179 | D        | Found a corrupted altar of Lugonu.
   180 | D        | Found a burning altar of Makhleb.
   181 | D        | Found a sparkling altar of Nemelex Xobeh.
   182 | D        | Found an iron altar of Okawaru.
   183 | D        | Found a stormy altar of Qazlal.
   184 | D        | Found a sacrificial altar of Ru.
   185 | D        | Found a shimmering blue altar of Sif Muna.
   186 | D        | Found a bloodstained altar of Trog.
   187 | D        | Found a hide-covered altar of Uskayaw.
   188 | D        | Found a radiant altar of Vehumet.
   189 | D        | Found an ornate altar of the Wu Jian Council.
   190 | D        | Found a shimmering altar of Xom.
   191 | D        | Found a basalt altar of Yredelemnul.
   192 | D        | Found a glowing silver altar of Zin.
   193 | D        | Found a glowing golden altar of the Shining One.
   252 | D        | Noticed a yak
   252 | D        | Noticed a yak
   252 | D        | Noticed a centaur
   252 | D        | Noticed a wraith
   252 | D        | Noticed a two-headed ogre
   259 | D        | Killed a yak
   259 | D        | Reached **** piety under Trog
   260 | D        | Reached skill level 11 in Axes
   260 | D        | Reached XP level 6. HP: 64/64 MP: 6/6
   263 | D        | Killed a yak
   264 | D        | Reached skill level 10 in Fighting
   264 | D        | Reached skill level 13 in Axes
   264 | D        | Reached skill level 5 in Armour
   264 | D        | Reached skill level 1 in Stealth
   266 | D        | Reached XP level 7. HP: 73/73 MP: 7/7
   270 | D        | Killed a wraith
   271 | D        | Reached skill level 14 in Axes
   277 | D        | HP: 2/74 [two-headed ogre/+0 giant club (12)]
   279 | D        | Slain by a two-headed ogre

Illustrated notes

Levels and vault maps discovered:
D:        linesprint [early_d, line_temple, items_1, d_10, items_2, lair_1,
          lair_end, items_3, orc_1, orc_end, items_4, d_15, swamp_1, shoals_1,
          snake_1, spider_1, d_20, vaults_1, items_5, swamp_end, shoals_end,
          snake_end, spider_end, vaults_end, d_27, items_6, zot_1, zot_end,
          crypt_end, forest_end, elf_end, slime_end, tomb_end, abyss_end,
          pan_hell_end]

Skill      XL: |  1  2  3  4  5  6  7 |
---------------+----------------------+-----
Fighting       | 4 5 7 9 10 11 | 11.5
Axes           | 5 6 9 11 13 14 | 14.6
Dodging        | 2 3 |  3.8
Armour         | 3 4 5 6 |  6.1
Stealth        | 1 |  1.2

Action                     |  1- 3 |  4- 6 |  7- 9 || total
---------------------------+-------+-------+-------++-------
  Melee: Hand axe          |    23 |       |       ||    23
         War axe           |       |    11 |    13 ||    24
 Invoke: Berserk           |     1 |     1 |       ||     2
 Armour: Animal skin       |     2 |       |       ||     2
         Ring mail         |       |     3 |     2 ||     5
  Dodge: Dodged            |     6 |     3 |     6 ||    15

Table legend: (Time is in decaauts)
 A = Elapsed time spent in this place.
 B = Non-inter-level travel time spent in this place.
 C = Inter-level travel time spent in this place.
 D = Time resting spent in this place.
 E = Time spent auto-exploring this place.
 F = Levels seen in this place.
 G = Mean time per level.
                   A        B        C        D        E       F      G
               +--------+--------+--------+--------+--------+-----+--------+
         Total |    278 |    278 |      0 |    142 |      0 |   1 |  278.0 |
       Dungeon |    278 |    278 |      0 |    142 |      0 |   1 |  278.0 |
               +--------+--------+--------+--------+--------+-----+--------+

Top non-repeatable levels by time:
       D: 278 daAuts
